 Dungeon Crawl Stone Soup version 0.24-a0-479-g9a978d2894 (webtiles) character file.

Game seed: 181844409051643901

175 Elric the Ruffian (level 5, -3/40 HPs)
             Began as a Draconian Transmuter on July 7, 2019.
             Slain by a bullfrog (6 damage)
             ... on level 5 of the Dungeon.
             The game lasted 00:06:07 (3150 turns).

Elric the Ruffian (Draconian Transmuter)            Turns: 3150, Time: 00:06:07

Health: -3/40      AC:  5    Str: 13    XL:     5   Next: 29%
Magic:  8/8        EV: 12    Int: 14    God:
Gold:   106        SH:  0    Dex: 11    Spells: 5/8 levels left

rFire    . . .     SeeInvis .     - Unarmed
rCold    . . .     Gourm    .   (no shield)
rNeg     . . .     Faith    .   (armour unavailable)
rPois    .         Spirit   .   (helmet restricted)
rElec    .         Reflect  .   (no cloak)
rCorr    .         Harm     .   (no gloves)
MR       .....                  (boots currently unavailable)
Stlth    +.........             (no amulet)
HPRegen  0.13/turn              (no ring)
MPRegen  0.11/turn              (no ring)

@: appendage (expiring)
A: unfitting armour, talons 3, cold-blooded, AC +5
a: End Transformation


You were on level 5 of the Dungeon.
You were not hungry.
You had grown temporary talons.
You visited 1 branch of the dungeon, and saw 4 of its levels.

You collected 106 gold pieces.

Inventory:

Missiles
 e - 2 silver javelins (quivered)
Scrolls
 a - a scroll of amnesia {unknown}
 b - 7 scrolls of identify {unknown}
 d - a scroll of remove curse {unknown}
 f - a scroll of enchant weapon {unknown}
 g - a scroll of fear {unknown}
 i - 2 scrolls of magic mapping {unknown}
 j - a scroll of teleportation {unknown}
 k - a scroll of random uselessness {unknown}
Potions
 h - 2 potions of agility {unknown}
 l - a potion of brilliance {unknown}
Comestibles
 c - 6 rations
 m - a chunk of flesh


   Skills:
 - Level 1.1 Fighting
 - Level 1.7 Dodging
 + Level 4.8 Unarmed Combat
 - Level 2.0 Spellcasting
 + Level 4.1 Transmutations


You had 5 spell levels left.
You knew the following spells:

 Your Spells              Type           Power        Failure   Level  Hunger
a - Beastly Appendage     Tmut           ##....       4%          1    ##.....
b - Sticks to Snakes      Tmut           ##......     7%          2    ###....

Your spell library contained the following spells:

 Spells                   Type           Power        Failure   Level  Hunger
 Spider Form              Tmut/Pois      #.........   30%         3    ####...
 Ice Form                 Ice/Tmut       #.......     71%         4    #####..
 Blade Hands              Tmut           ##........   77%         5    ######.


Dungeon Overview and Level Annotations

Branches:
Dungeon (3/15)

Altars:


Innate Abilities, Weirdness & Mutations

Your plain brown scales are hard. (AC +5)
You cannot fit into any form of body armour.
You are cold-blooded and may be slowed by cold attacks.
You have claws for feet.


Message History

The bullfrog hits you but does no damage.
You closely miss the bullfrog.
The bullfrog is severely wounded.
The bullfrog misses you.
Your transformation is almost over.
The bullfrog misses you.
The bullfrog releases a deep croak.
The crimson imp blinks! x2
The bullfrog closely misses you. The bullfrog hits you.
* * * LOW HITPOINT WARNING * * *
You closely miss the bullfrog.
Your tail-slap misses the bullfrog.
The bullfrog is severely wounded.
The bullfrog hits you.
* * * LOW HITPOINT WARNING * * *
The crimson imp blinks!
You barely miss the bullfrog. Your kick misses the bullfrog.
The bullfrog is severely wounded.
The bullfrog hits you.
You die...

.. #. #.
##.#.#.########
......5..§5..>#
.#.#+#.######§#
..$ #.# .....
#F# ....... #@#
....... #.#
.###+#. #.# #.
#.# #.# #.# #.#
#.# ####.#


You could see a bullfrog.

Vanquished Creatures
  Natasha (twice) (D:2)
  Robin (D:2)
  3 adders (D:2)
  A shadow imp (D:5)
  A worm (D:2)
  2 dart slugs (D:2)
  3 leopard geckos
  A giant cockroach (D:1)
  9 goblins
  6 hobgoblins
  5 kobolds
  A ball python (D:1)
  5 bats
  A frilled lizard (D:1)
  2 rats
43 creatures vanquished.

Vanquished Creatures (collateral kills)
  Natasha (D:2)
  2 adders (D:2)
  A leopard gecko (D:2)
  2 bats (D:2)
  4 goblins (D:2)
  3 hobgoblins (D:2)
  A kobold (D:2)
  A quokka (D:2)
15 creatures vanquished.

Grand Total: 58 creatures vanquished

Notes
Turn   | Place    | Note
-------+----------+-------------------------------------------
     0 | D:1      | Elric the Draconian Transmuter began the quest for the Orb.
     0 | D:1      | Reached XP level 1. HP: 16/16 MP: 3/3
   211 | D:1      | Reached XP level 2. HP: 23/23 MP: 3/5
   766 | D:2      | Learned a level 2 spell: Sticks to Snakes
   774 | D:2      | Noticed Robin
  1075 | D:2      | Reached XP level 3. HP: 28/28 MP: 3/6
  1750 | D:2      | Killed Robin
  2014 | D:2      | Reached XP level 4. HP: 26/35 MP: 3/7
  2369 | D:2      | Noticed Natasha
  2389 | D:2      | Killed Natasha
  2404 | D:2      | Noticed Natasha
  2427 | D:2      | Killed Natasha
  2930 | D:2      | Noticed Natasha
  2942 | D:2      | Killed Natasha
  2942 | D:2      | Reached XP level 5. HP: 26/40 MP: 4/8
  3096 | D:3      | You fall into a shaft and drop 2 floors!
  3096 | D:5      | Entered Level 5 of the Dungeon
  3150 | D:5      | Slain by a bullfrog

Levels and vault maps discovered:
D:1:      nzn_arrival_depleted_hourglass, layout_basic
D:2:      layout_loops_corners, hangedman_decor_clover_reticule, st_stairs_3,
          uniq_robin, uniq_natasha
D:3:      layout_basic, grunt_temple_overflow_lords_of_destruction,
          lemuel_round_altar, grunt_temple_overflow_open, first_ration,
          uniq_sigmund
D:5:      layout_basic, uniq_edmund

Skill      XL: |  1  2  3  4  5 |
---------------+----------------+-----
Unarmed Combat | 4 |  4.8
Transmutations | 3 4 |  4.1
Fighting       | |  1.1
Dodging        | |  1.7
Spellcasting   | |  2.0

Action                   |  1- 3 |  4- 6 || total
-------------------------+-------+-------++-------
Melee: Unarmed           |   108 |    82 ||   190
       Kick              |     9 |     9 ||    18
       Tailslap          |    12 |     3 ||    15
       Headbutt          |     1 |     4 ||     5
       Punch             |       |     1 ||     1
 Cast: Beastly Appendage |    21 |    13 ||    34
       Sticks to Snakes  |    16 |     7 ||    23
  Use: Potion            |     2 |       ||     2
  Eat: Chunk             |     2 |     4 ||     6
       Ration            |     1 |       ||     1
Armor: Skin              |    49 |    18 ||    67
Dodge: Dodged            |    92 |    48 ||   140

Table legend:
 A = Non-vault XP
 B = Vault XP
 C = Vault XP percentage of total XP
 D = Non-vault monster count
 E = Vault monster count
 F = Vault count percentage of total count
                 A         B        C        D         E       F
            +---------+---------+-------+---------+---------+-------
      Total |     190 |      61 |  24.3 |      42 |      16 |  27.6
            +---------+---------+-------+---------+---------+-------
        D:1 |      20 |       2 |   9.1 |      13 |       1 |   7.1
        D:2 |     159 |      59 |  27.1 |      28 |      15 |  34.9
        D:5 |      11 |       0 |   0.0 |       1 |       0 |   0.0
            +---------+---------+-------+---------+---------+-------
